 Dungeon Crawl Stone Soup version 0.20.1-1-g8b1a95d (console) character file.

116 rafael the Gusty (level 5, 0/31 HPs)
             Began as a Halfling Air Elementalist on July 7, 2017.
             Slain by an adder (2 damage)
             ... on level 2 of the Dungeon.
             The game lasted 00:06:19 (980 turns).

rafael the Gusty (Halfling Air Elementalist)         Turns: 980, Time: 00:06:19

Health: 0/31       AC:  2    Str:  9    XL:     5   Next: 21%
Magic:  5/7        EV: 16    Int: 14    God:
Gold:   34         SH:  0    Dex: 15    Spells: 6/7 levels left

rFire    . . .     SeeInvis .   e - +0 hand axe
rCold    . . .     Gourm    .   (shield restricted)
rNeg     . . .     Faith    .   a - +0 robe
rPois    .         Spirit   .   (no helmet)
rElec    .         Reflect  .   (no cloak)
rCorr    .         Harm     .   (no gloves)
MR       .....                  (no boots)
Stlth    ++........             (no amulet)
Regen    0.1/turn               (no ring)
MPRegen  0.1/turn               (no ring)

@: no status effects
A: mutation resistance 1
a: no special abilities


You were on level 2 of the Dungeon.
You were not hungry.

You visited 1 branch of the dungeon, and saw 2 of its levels.

You collected 34 gold pieces.

Inventory:

Hand Weapons
 e - a +0 hand axe (weapon)
Missiles
 g - a throwing net (quivered)
Armour
 a - a +0 robe (worn)
 i - a +0 buckler of reflection
Scrolls
 d - a scroll of noise {unknown}
 f - 2 scrolls of teleportation {unknown}
 h - 2 scrolls of remove curse {unknown}
 j - a scroll of identify {unknown}
 l - a scroll of fear {unknown}
 m - a scroll of enchant armour {unknown}
 n - a scroll of enchant weapon {unknown}
Books
 b - a book of Air

   Spells                             Type                      Level
   a - Shock                          Conjuration/Air              1
   b - Swiftness                      Charms/Air                   2
   c - Static Discharge               Conjuration/Air              3
   d - Airstrike                      Air                          4
   e - Lightning Bolt                 Conjuration/Air              5
Comestibles
 c - 2 bread rations
 k - a chunk of flesh
 o - a meat ration


   Skills:
 + Level 3.3 Dodging
 + Level 3.0 Stealth
 + Level 1.2 Shields
 - Level 1.5 Spellcasting
 - Level 0.7 Conjurations
 * Level 4.4 Air Magic


You had 6 spell levels left.
You knew the following spells:

 Your Spells              Type           Power        Failure   Level  Hunger
a - Shock                 Conj/Air       #...         9%          1    ##.....


Dungeon Overview and Level Annotations

Branches:
Dungeon (2/15)

Altars:
Xom


Innate Abilities, Weirdness & Mutations

You are small and have problems with some larger weapons.
You are somewhat resistant to further mutation.


Message History

The zap hits the adder.
The adder is severely wounded.
The zap misses the adder. x3; The adder completely misses you.
The hobgoblin misses you. The adder closely misses you.
Unknown command.
Casting: Shock
Confirm with . or Enter, or press ? or * to list all spells.
Aiming: Shock
Press: ? - help, Shift-Dir - straight line The zap hits the adder.
The adder is almost dead.
The zap misses the adder.
The zap hits the adder.
The adder is heavily wounded.
The zap hits the adder.
You kill the adder!
Your Stealth skill increases to level 3!
The hobgoblin hits you.
* * * LOW HITPOINT WARNING * * *
The adder bites you.
You die...

#..# #..# # #..#
#### #..# .... #..#
## # ##... #..# #..#
####...#
#..###.###.#
#......)
#..S@g.....#
#.##...#
##g###.#####
#.###.## ## #.# #.#
#.# #.#.
....##g###.##### #.#
#.##
.K.....r..g.....#
#># #...
###.....g...###.#
#.# #### #.###.#####
#%# #†###### .. #.#
#.###....... ##
#.#######g##.......÷


You could see an adder and 2 hobgoblins.

Vanquished Creatures
  Natasha (D:2)
  3 adders (D:2)
  3 gnolls
  A dart slug (D:1)
  2 leopard geckos (D:1)
  4 bats
  3 giant cockroaches
  2 goblins (D:1)
  3 hobgoblins (D:1)
  6 jackals (D:1)
  2 kobolds
  2 rats (D:1)
32 creatures vanquished.

Notes
Turn   | Place    | Note
-------+----------+-------------------------------------------
     0 | D:1      | rafael the Halfling Air Elementalist began the quest for the Orb.
     0 | D:1      | Reached XP level 1. HP: 11/11 MP: 3/3
   294 | D:1      | Reached XP level 2. HP: 12/17 MP: 2/4
   469 | D:1      | Reached XP level 3. HP: 7/21 MP: 2/5
   752 | D:2      | Reached XP level 4. HP: 10/27 MP: 1/6
   772 | D:2      | Reached skill level 4 in Air Magic
   778 | D:2      | Found a shimmering altar of Xom.
   790 | D:2      | Found a shimmering altar of Xom.
   791 | D:2      | Found a shimmering altar of Xom.
   792 | D:2      | Found a shimmering altar of Xom.
   794 | D:2      | Found a shimmering altar of Xom.
   794 | D:2      | Noticed Natasha
   808 | D:2      | Killed Natasha
   808 | D:2      | Reached skill level 1 in Shields
   859 | D:2      | Reached XP level 5. HP: 8/31 MP: 0/7
   980 | D:2      | Slain by an adder

Skill      XL: |  1  2  3  4  5 |
---------------+----------------+-----
Dodging        | 3 |  3.3
Air Magic      | 4 |  4.4
Shields        | 1 |  1.2
Stealth        | 3 |  3.0
Spellcasting   | |  1.5
Conjurations   | |  0.7

Action                   |  1- 3 |  4- 6 || total
-------------------------+-------+-------++-------
Melee: Hand axe          |    21 |     8 ||    29
       Unarmed           |     1 |       ||     1
 Cast: Shock             |    37 |    15 ||    52
  Use: Potion            |     1 |     1 ||     2
  Eat: Chunk             |       |     2 ||     2
Armor: Robe              |     9 |     4 ||    13
Dodge: Dodged            |    41 |    27 ||    68
